 Dungeon Crawl Stone Soup version 0.21.1-1-g345015fe64 (webtiles) character file.

1481 Kohma the Spear-Bearer (level 8, -2/57 HPs)
             Began as a Merfolk Gladiator on June 9, 2018.
             Was an Initiate of the Shining One.
             Slain by Prince Ribbit (13 damage)
             ... on level 6 of the Dungeon.
             The game lasted 00:19:47 (4683 turns).

Kohma the Spear-Bearer (Merfolk Gladiator)          Turns: 4683, Time: 00:19:48

Health: -2/57      AC: 11    Str: 14    XL:     8   Next: 79%
Magic:  17/17      EV: 14    Int:  7    God:    the Shining One [......]
Gold:   188        SH:  0    Dex: 18    Spells: 7/7 levels left

rFire    . . .     SeeInvis .   a - +2 trident
rCold    + . .     Gourm    .   (no shield)
rNeg     . . .     Faith    .   y - +2 ring mail {rC+}
rPois    +         Spirit   .   c - +2 helmet
rElec    .         Reflect  .   (no cloak)
rCorr    .         Harm     .   (no gloves)
MR       .....                  j - +0 pair of boots
Stlth    +.........             (no amulet)
HPRegen  0.19/turn              p - ring of poison resistance
MPRegen  0.15/turn              w - ring of magical power

@: about to teleport, glowing
A: change form in water, swift swim, stealthy swim
a: Renounce Religion


You were on level 6 of the Dungeon.
You worshipped the Shining One.
The Shining One was noncommittal.
You were not hungry.

You visited 2 branches of the dungeon, and saw 8 of its levels.

You collected 188 gold pieces.

Inventory:

Hand Weapons
 a - a +2 trident (weapon)
 m - a +0 dagger of electrocution
Missiles
 d - 2 throwing nets (quivered)
 k - 4 javelins of returning
Armour
 c - a +2 helmet (worn)
 j - a +0 pair of boots (worn)
 r - a +3 leather armour
 y - a +2 ring mail of cold resistance (worn)
Jewellery
 p - a ring of poison resistance (left hand)
 w - a ring of magical power (right hand)
Wands
 C - a wand of paralysis (5)
Scrolls
 u - a scroll of remove curse
Potions
 e - a potion of magic {unknown}
 h - 3 potions of degeneration {unknown}
 i - 2 potions of might {unknown}
 l - a potion of lignification {unknown}
 n - 2 potions of heal wounds
 o - a potion of curing {unknown}
 q - a potion of resistance {unknown}
 s - a potion of berserk rage {unknown}
 z - a potion of flight {unknown}
 A - a potion of invisibility {unknown}
 B - a potion of ambrosia {unknown}
Books
 v - a book of Misfortune

   Spells                             Type                      Level
   a - Confusing Touch                Hexes                        1
   b - Confuse                        Hexes                        3
   c - Gell's Gravitas                Translocation                3
   d - Petrify                        Transmutation/Earth          4
   e - Metabolic Englaciation         Hexes/Ice                    5
   f - Yara's Violent Unravelling     Hexes/Transmutation          5
Comestibles
 f - 4 rations


   Skills:
 + Level 2.6 Fighting
 - Level 14.2 Polearms
 - Level 2.0 Throwing
 + Level 0.6 Armour
 * Level 5.0 Dodging
 + Level 1.1 Invocations


You had 7 spell levels left.
You didn't know any spells.

Dungeon Overview and Level Annotations

Branches:
Dungeon (7/15)             Temple (1/1) D:4

Altars:
Ashenzari
Dithmenos
Elyvilon
Fedhas
Gozag
Hepliaklqana
Kikubaaqudgha
Makhleb
Nemelex Xobeh
Okawaru
Qazlal
Ru
Sif Muna
Trog
Uskayaw
Vehumet
Wu Jian
Xom
Yredelemnul
Zin
The Shining One

Annotations:
D:3 1 runed door
D:6 Prince Ribbit


Message History

* * * LOW HITPOINT WARNING * * *
You barely miss Prince Ribbit.
Prince Ribbit is heavily wounded.
Prince Ribbit blinks!
You start resting.
Prince Ribbit blinks!
You start resting.
Prince Ribbit hits you!
* * * LOW HITPOINT WARNING * * *
You hit Prince Ribbit.
Prince Ribbit is heavily wounded.
Prince Ribbit blinks!
As you read the scroll of teleportation, it crumbles to dust.
You feel strangely unstable.
Prince Ribbit hits you but does no damage.
Prince Ribbit blinks!
Your surroundings suddenly seem different.
Prince Ribbit hits you but does no damage.
As you read the scroll of teleportation, it crumbles to dust.
You feel strangely unstable. Prince Ribbit barely misses you.
Prince Ribbit hits you!
You die...

).#,###.#.###.#.......#
###.###.#.###.#.......#
............#.#.......#
###.###..##.#.........#
,,*,* ##.**.##..#.#####
*,,,** #.,*,###.#.##
*,,,,**#.,#,* #....#
*,**,,,...#.####.#.#
,,*****.........@#.#####
#******.#.##....F#.....#
,,,,,,,,,..............#
*,,****,*#.##.....######
**,**,,,*#,,#...#.#
,,,,,,*****,#...#.##
***,,,,****,#####..##
,,,,,,,,,,#.######..#
,,,,,,,,,,........#)##


You could see Prince Ribbit.

Vanquished Creatures
  Pikel (D:6)
  Sigmund (D:4)
  An orc warrior (D:6)
  3 ogres
  A bullfrog (D:6)
  A wight (D:6)
  A crimson imp (D:4)
  2 hounds
  An orc wizard (D:6)
  An iguana (D:4)
  4 worker ants
  A hound skeleton (D:4)
  3 adders
  A gnoll (D:1)
  A shadow imp (D:2)
  An ooze (D:2)
  5 worms
  4 dart slugs
  3 leopard geckos
  11 orcs
  A ball python (D:1)
  A giant cockroach (D:3)
  8 goblins
  7 hobgoblins
  4 jackals (D:3)
  10 kobolds
  A quokka (D:2)
  8 bats
  4 frilled lizards
  7 rats
98 creatures vanquished.

Vanquished Creatures (others)
  3 slaves (D:7)
  A leopard gecko skeleton (D:6)
4 creatures vanquished.

Grand Total: 102 creatures vanquished

Notes
Turn   | Place    | Note
-------+----------+-------------------------------------------
     0 | D:1      | Kohma the Merfolk Gladiator began the quest for the Orb.
     0 | D:1      | Reached XP level 1. HP: 16/16 MP: 1/1
    19 | D:1      | Reached skill level 5 in Polearms
    19 | D:1      | Reached XP level 2. HP: 22/22 MP: 2/2
   269 | D:1      | Reached XP level 3. HP: 27/27 MP: 3/3
   382 | D:2      | Reached skill level 6 in Polearms
  1530 | D:2      | Reached XP level 4. HP: 23/33 MP: 4/4
  2020 | D:2      | Reached skill level 7 in Polearms
  2855 | D:3      | Reached XP level 5. HP: 37/38 MP: 5/5
  2909 | D:4      | Reached skill level 8 in Polearms
  3106 | D:3      | Found a runed door.
  3471 | D:4      | Reached skill level 9 in Polearms
  3502 | D:5      | Entered Level 5 of the Dungeon
  3515 | D:4      | Reached XP level 6. HP: 34/44 MP: 6/6
  3743 | D:4      | Reached skill level 10 in Polearms
  3789 | D:4      | Noticed Sigmund
  3803 | D:4      | Killed Sigmund
  3803 | D:4      | Reached skill level 11 in Polearms
  3803 | D:4      | Reached XP level 7. HP: 31/50 MP: 7/7
  3975 | D:4      | Found a staircase to the Ecumenical Temple.
  3985 | Temple   | Entered the Ecumenical Temple
  4048 | Temple   | Became a worshipper of the Shining One
  4095 | D:4      | You fall through a shaft for 3 floors!
  4095 | D:7      | Noticed Pikel
  4126 | D:6      | Killed Pikel
  4126 | D:6      | Reached skill level 13 in Polearms
  4126 | D:6      | Reached XP level 8. HP: 16/56 MP: 8/8
  4382 | D:6      | Reached skill level 14 in Polearms
  4400 | D:6      | Found an opulent altar of Gozag.
  4496 | D:7      | Noticed Prince Ribbit
  4517 | D:6      | Reached skill level 5 in Dodging
  4517 | D:6      | Reached skill level 1 in Invocations
  4683 | D:6      | Slain by Prince Ribbit

Skill      XL: |  1  2  3  4  5  6  7  8 |
---------------+-------------------------+-----
Polearms       | 5 6 7 9 11 13 14 | 14.2
Dodging        | 5 |  5.0
Invocations    | 1 |  1.1
Fighting       | |  2.6
Throwing       | |  2.0
Armour         | |  0.6

Action                   |  1- 3 |  4- 6 |  7- 9 || total
-------------------------+-------+-------+-------++-------
Melee: Trident           |    98 |   231 |    86 ||   415
Throw: Throwing net      |     1 |       |       ||     1
  Use: Scroll            |     5 |     8 |     5 ||    18
 Stab: Distracted        |     1 |       |       ||     1
       Sleeping          |     1 |     2 |       ||     3
       Held in net/web   |     1 |       |       ||     1
  Eat: Ration            |     1 |     1 |     1 ||     3
       Chunk             |       |     3 |       ||     3
Armor: Leather armour    |    22 |    44 |     8 ||    74
       Ring mail         |       |       |     3 ||     3
Dodge: Dodged            |    57 |   128 |    40 ||   225
